 Dungeon Crawl Stone Soup version 0.28.0-1-gb440e238dd (webtiles) character file.

Game seed: 5388678146148330025

4444 Descartes the Shield-Bearer (level 10, -1/74 HPs)
             Began as a Formicid Warper on Feb 26, 2022.
             Was an Initiate of Gozag.
             Slain by a vampire (8 damage)
             ... on level 9 of the Dungeon.
             The game lasted 00:17:56 (9181 turns).

Descartes the Shield-Bearer (Formicid Warper)       Turns: 9181, Time: 00:17:56

Health: -1/74      AC: 14    Str: 28    XL:     10   Next: 63%
Magic:  17/17      EV: 14    Int: 16    God:    Gozag
Gold:   193        SH:  0    Dex: 10    Spells: 19/19 levels left

rFire   + + .      SeeInvis +   M - +4 hand axe of Dissolution {drain, Str+2}
rCold   . . .      Faith    .   (no shield)
rNeg    . . .      Spirit   .   I - +0 chain mail {rF+}
rPois   .          Reflect  .   (helmet unavailable)
rElec   .          Harm     .   V - +2 cloak
rCorr   .          Rampage  .   p - +0 pair of gloves
Will    +....                   (no boots)
Stlth   ..........              A - amulet of regeneration
HPRegen 1.02/turn               r - ring "Defusk" {Drain rF+ Str+6 Int+3}
MPRegen 0.15/turn               K - +4 ring of evasion

@: mighty, invisible
A: permanent stasis, dig shafts and tunnels, antennae 3, four strong arms
a: Dig, Shaft Self, Renounce Religion, Potion Petition, Call Merchant, Bribe
Branch


You were on level 9 of the Dungeon.
You worshipped Gozag.
Gozag was aware of your devotion.
You visited 2 branches of the dungeon, and saw 10 of its levels.
You also visited: Sewer and Ossuary.

You collected 704 gold pieces.
You paid 511 gold pieces to Gozag.

Inventory:

Hand Weapons
 e - a +0 dagger of holy wrath
 g - a +1 dagger of venom
 D - a +4 morningstar of holy wrath
 M - the +4 hand axe of Dissolution (weapon) {drain, Str+2}
   (You found it on level 5 of the Dungeon)

   A truly terrible weapon, it drains the life of any living foe it strikes.
   Str:       It affects your strength (+2).
Missiles
 c - 5 boomerangs of dispersal (quivered)
 j - 211 stones
 s - 6 datura-tipped darts
 E - 16 poisoned darts
 G - 2 javelins
 N - 5 atropa-tipped darts
 U - a curare-tipped dart
Armour
 p - a +0 pair of gloves (worn)
 I - a +0 chain mail of fire resistance (worn)
 P - +0 steam dragon scales
 V - a +2 cloak (worn)
Jewellery
 r - the ring "Defusk" (left hand) {Drain rF+ Str+6 Int+3}
   (You found it on level 3 of the Dungeon)

   [ring of protection from fire]

   Str:       It affects your strength (+6).
   Int:       It affects your intelligence (+3).
   rF:        It protects you from fire.
   Drain:     It drains your maximum health when unequipped.
 A - an amulet of regeneration (around neck)
 B - a +4 ring of evasion
 K - a +4 ring of evasion (right hand)
Wands
 x - a wand of flame (14)
 y - a wand of polymorph (22)
 J - a wand of mindburst (12)
Scrolls
 d - 2 scrolls of enchant weapon
 k - 2 scrolls of silence {unknown}
 m - a scroll of enchant armour {unknown}
 n - 3 scrolls of amnesia
 o - a scroll of vulnerability
 u - 3 scrolls of blinking {unknown}
 v - 3 scrolls of fog {unknown}
 z - 2 scrolls of noise {unknown}
 C - 6 scrolls of teleportation {unknown}
 H - 3 scrolls of immolation
 O - a scroll of fear
 R - a scroll of summoning {unknown}
 S - a scroll of magic mapping
Potions
 a - 2 potions of mutation {unknown}
 b - 2 potions of attraction {unknown}
 f - 5 potions of invisibility {unknown}
 h - 7 potions of curing {unknown}
 i - 8 potions of flight {unknown}
 l - 4 potions of degeneration {unknown}
 q - 2 potions of lignification {unknown}
 t - 2 potions of heal wounds {unknown}
 w - 5 potions of haste
 F - a potion of might {unknown}
 L - 2 potions of brilliance {unknown}
 Q - a potion of magic {unknown}
 T - 2 potions of ambrosia {unknown}


   Skills:
 - Level 5.0 Fighting
 + Level 4.5 Short Blades
 - Level 4.7(5.2) Axes
 + Level 3.2(4.5) Maces & Flails
 - Level 1.0 Throwing
 + Level 5.5 Armour
 + Level 4.8 Dodging
 + Level 5.8 Shields
 - Level 5.0 Spellcasting
 + Level 5.3 Translocations
 + Level 5.4 Evocations


You had 19 spell levels left.
You didn't know any spells.
Your spell library contained the following spells:

 Spells                   Type           Power      Damage    Failure   Level
 Gell's Gravitas          Tloc           21%        N/A       26%         3
 Lesser Beckoning         Tloc           21%        N/A       26%         3
 Teleport Other           Tloc           21%        N/A       26%         3
 Slow                     Hex            16%        N/A       61%         1
 Confusing Touch          Hex            4%         N/A       93%         3
 Ignite Poison            Fire/Tmut/Pois 4%         N/A       93%         3
 Mephitic Cloud           Conj/Pois/Air  4%         N/A       93%         3
 Tukima's Dance           Hex            4%         N/A       93%         3
 Vampiric Draining        Necr           4%         2d6       93%         3
 Manifold Assault         Tloc           21%        N/A       94%         5
 Anguish                  Hex/Necr       2%         N/A       100%        4
 Freezing Cloud           Conj/Ice/Air   2%         6-21      100%        5
 Enfeeble                 Hex            2%         N/A       100%        7
 Blink                    Tloc           Unusable   N/A       N/A         2

Dungeon Overview and Level Annotations

Branches:
Dungeon (9/15)             Temple (1/1) D:7            Lair (0/6) D:8
  Sewer (visited)         Ossuary (visited)
    Orc: D:9-12

Altars:
Ashenzari
Cheibriados
Elyvilon
Fedhas
Gozag
Hepliaklqana
Kikubaaqudgha
Makhleb
Nemelex Xobeh
Okawaru
Qazlal
Ru
Sif Muna
Trog
Uskayaw
Vehumet
Wu Jian
Xom
Yredelemnul
Zin
The Shining One

Shops:
D:2 =   D:5 *   D:7 =   D:8 *


Innate Abilities, Weirdness & Mutations

You cannot be hasted, slowed, berserked, paralysed or teleported.
You can dig through walls and to a lower floor.
You have a pair of large antennae on your head. (SInv)
Your four strong arms can wield two-handed weapons with a shield.


Message History

[b] - 336 gold - invisibility and might [c] - 374 gold - heal wounds, invisibility and might Purchase which effect?
You no longer have enough gold to petition Gozag for potion effects.
You feel much better.
You fade into invisibility!
You feel very mighty all of a sudden. The vampire closely misses you.
The vampire misses you.
You completely miss the vampire.
The vampire is moderately damaged.
The vampire barely misses you.
The vampire bites you but does no damage.
You hit the vampire.
The vampire is heavily damaged.
The vampire hits you but does no damage.
The vampire bites you.
The vampire draws strength from your injuries!
You hit the vampire.
The vampire is heavily damaged.
The vampire barely misses you. The vampire misses you.
You hit the vampire.
The vampire is severely damaged.
The vampire barely misses you. The vampire bites you.
The vampire draws strength from your injuries!
The vampire completely misses you. The vampire bites you!
The vampire draws strength from your injuries!
You slash the vampire!
The vampire is severely damaged.
The vampire draws life force from you!!
* * * LOW HITPOINT WARNING * * *
The vampire is healed by the life force!
You slash the vampire!
The vampire is heavily damaged.
The vampire hits you!
* * * LOW HITPOINT WARNING * * *
The vampire closely misses you.
You slash the vampire!
The vampire is severely damaged.
The vampire hits you!
You die...
Your body crumbles into a pile of gold.

..... #''#
#########.c#
........#..#
..........##
........###
##......#
#......#######
#......V@....#
######.#####.#
#.### #.####
#...# #....#
#####.# ####.#
#.....######.#
#.####.......#
#.<#.#######
#.##.#


You could see a vampire (invisible).

Vanquished Creatures
  The ghost of Longtemps the Firebug, a novice OpFE of Vehumet (D:5)
  Grinder (D:3)
  A wraith (D:9)
  Sigmund (D:4)
  A shadow (D:8)
  A wyvern (D:8)
  2 steam dragons
  A sky beast (D:6)
  2 black bears
  An orc warrior (D:8)
  Pargi (Sewer)
  2 centaurs
  A necrophage (D:5)
  A kobold brigand (D:8)
  3 bullfrogs (D:8)
  A gnoll sergeant (D:7)
  A water moccasin zombie (D:7)
  3 wyvern zombies (Ossuary)
  3 scorpions
  5 killer bees (D:9)
  9 centaur zombies
  An orc priest (D:3)
  2 bullfrog zombies (Ossuary)
  2 centaur skeletons
  5 hounds
  3 jellies
  Ijyb (D:3)
  3 iguanas
  2 orc wizards
  Natasha (thrice) (D:3)
  Terence (D:2)
  2 killer bee zombies (Ossuary)
  14 mummies (Ossuary)
  A howler monkey zombie (Ossuary)
  A howler monkey skeleton (D:5)
  7 adders
  12 gnolls
  A river rat (D:4)
  A white imp (D:5)
  A worm (D:2)
  4 dart slugs
  17 orcs
  3 bats
  8 endoplasms
  8 giant cockroaches
  7 goblins
  7 hobgoblins
  5 jackals
  15 kobolds
  3 quokkas
  7 ball pythons
  3 frilled lizards
  4 rats
196 creatures vanquished.

Vanquished Creatures (others)
  3 fungi (D:8)
  5 plants
  10 withered plants (Ossuary)
18 creatures vanquished.

Grand Total: 214 creatures vanquished

Notes
Turn   | Place    | Note
-------+----------+-------------------------------------------
     0 | D:1      | Descartes the Formicid Warper began the quest for the Orb.
     0 | D:1      | Reached XP level 1. HP: 16/16 MP: 3/3
    67 | D:1      | Reached XP level 2. HP: 20/23 MP: 5/5
   427 | D:1      | Reached XP level 3. HP: 10/28 MP: 6/6
   670 | D:1      | Reached skill level 1 in Shields
   896 | D:1      | Reached skill level 1 in Evocations
  1067 | D:1      | Found a faded altar of an unknown god.
  1462 | D:2      | Found Nemow's Jewellery Shoppe.
  1473 | D:2      | Reached XP level 4. HP: 30/34 MP: 7/7
  1594 | D:2      | Noticed Terence
  1605 | D:2      | Killed Terence
  1936 | D:2      | Reached XP level 5. HP: 39/39 MP: 8/8
  2529 | D:3      | Identified the ring "Defusk" {Drain rF+ Str+6 Int+3}
  2990 | D:3      | Noticed Ijyb
  2994 | D:3      | Noticed Grinder
  3006 | D:3      | Killed Ijyb
  3007 | D:3      | Reached XP level 6. HP: 46/46 MP: 10/10
  3510 | D:3      | Killed Grinder
  3511 | D:3      | Reached skill level 1 in Short Blades
  3511 | D:3      | Reached XP level 7. HP: 27/52 MP: 11/11
  3736 | D:3      | Noticed Natasha
  3764 | D:3      | Killed Natasha
  3778 | D:3      | Noticed Natasha
  3789 | D:3      | Killed Natasha
  4027 | D:3      | Noticed Natasha
  4036 | D:3      | Killed Natasha
  4286 | D:4      | Found a glowing drain.
  4292 | Sewer    | Entered a sewer
  4382 | Sewer    | Noticed Pargi
  4389 | Sewer    | Killed Pargi
  4612 | D:4      | Noticed Sigmund
  4624 | D:4      | Killed Sigmund
  4625 | D:4      | Reached XP level 8. HP: 42/60 MP: 11/13
  5053 | D:5      | Entered Level 5 of the Dungeon
  5375 | D:5      | Found Vedghuheu's General Store.
  5580 | D:5      | Found a large runed translucent door.
  5581 | D:5      | Found a large runed translucent door.
  5584 | D:5      | Noticed Longtemps's ghost (novice OpFE)
  5694 | D:5      | Identified the +4 hand axe of Dissolution {drain, Str+2}
  5880 | D:5      | Killed Longtemps's ghost
  6034 | D:6      | Reached XP level 9. HP: 59/66 MP: 15/15
  6295 | D:6      | Reached skill level 1 in Maces & Flails
  6711 | D:7      | Found a sand-covered staircase.
  6719 | Ossuary  | Entered an ossuary
  6928 | Ossuary  | Reached skill level 5 in Fighting
  7088 | Ossuary  | Reached XP level 10. HP: 74/74 MP: 17/17
  7325 | D:7      | Found Ysmesic's Jewellery Shop.
  7419 | D:7      | Reached skill level 5 in Shields
  7446 | D:7      | Found a staircase to the Ecumenical Temple.
  7451 | Temple   | Entered the Ecumenical Temple
  7680 | Temple   | Became a worshipper of Gozag Ym Sagoz the Greedy
  8234 | D:8      | Found Xetzo's Elemental Accessories.
  8255 | D:8      | Reached skill level 5 in Spellcasting
  8258 | D:8      | Reached skill level 5 in Translocations
  8265 | D:8      | Reached skill level 5 in Armour
  8265 | D:8      | Reached skill level 5 in Evocations
  8806 | D:8      | Found a staircase to the Lair.
  9181 | D:9      | Slain by a vampire

Illustrated notes

Levels and vault maps discovered:
D:1:      elethiomel_arrival_infinity_welcomes_careful_drivers,
          layout_loops_ring, basic_ecumenical_altar, minmay_hexomino_c4
D:2:      layout_loops_cross, serial_shops, shop, uniq_terence
D:3:      layout_loops_ring, glass_columns_b, uniq_grinder, uniq_ijyb,
          uniq_natasha
D:4:      layout_rooms, gup_sewer_entry_bubbles, uniq_sigmund
D:5:      layout_gridville, serial_bayou, serial_bayou_shore_b,
          serial_bayou_lake_a, serial_bayou_pond_b, serial_bayou_pond_a,
          serial_bayou_pond_e, serial_bayou_pond_d, serial_shops, shop,
          ebering_ghost_disaster_area
D:6:      layout_rooms, kennysheep_generic_room_8
D:7:      layout_loops_corners, minmay_temple_entry_nine_rooms, serial_shops,
          shop_fountains, nicolae_ossuary_entry_plus
D:8:      layout_rooms, grunt_lair_entry_orc_guard_hut, kennysheep_small_spiral,
          nicolae_elemental_shop, kennysheep_nub
D:9:      layout_basic, hangedman_corner_corridor
Temple:   mainiacjoe_temple_archimedes_tessellation

Skill      XL: |  1  2  3  4  5  6  7  8  9 10 |
---------------+-------------------------------+-----
Shields        | 1 2 3 4 5 |  5.8
Dodging        | 2 3 4 |  4.8
Evocations     | 1 2 3 4 5 |  5.4
Translocations | 3 4 5 |  5.3
Armour         | 2 3 4 5 |  5.5
Fighting       | 3 4 5 |  5.0
Short Blades   | 1 2 3 4 |  4.5
Spellcasting   | 3 4 5 |  5.0
Axes           | 3 4 |  4.7
Maces & Flails | 2 3 |  3.2
Throwing       | |  1.0

Action                   |  1- 3 |  4- 6 |  7- 9 | 10-12 || total
-------------------------+-------+-------+-------+-------++-------
Melee: Hand axe          |    80 |       |   247 |   207 ||   534
       Dagger            |    70 |   145 |   278 |       ||   493
       Punch             |     2 |     3 |    13 |     5 ||    23
Invok: Potion Petition   |       |       |       |     1 ||     1
 Abil: Dig               |       |       |     4 |       ||     4
  Use: Scroll            |       |       |     3 |     4 ||     7
 Stab: Distracted        |       |       |       |     1 ||     1
Armor: Leather armour    |     4 |       |       |       ||     4
       Ring mail         |    59 |    15 |       |       ||    74
       Chain mail        |       |    56 |   286 |    96 ||   438
Dodge: Dodged            |    99 |    66 |   384 |   201 ||   750
